 Dungeon Crawl Stone Soup version 0.31-a0-667-g39726597b9 (webtiles) character file.

Game seed: 7023334986863036922

7 GordonOverkill the Sneak (level 2, -1/25 HPs)
             Began as a Barachi Delver on Sept 4, 2023.
             Succumbed to a scorpion's poison
             ... on level 5 of the Dungeon.
             The game lasted 00:01:15 (252 turns).

GordonOverkill the Sneak (Barachi Delver)            Turns: 252, Time: 00:01:16

Health: -1/25      AC:  3    Str: 13    XL:     2   Next: 0%
Magic:  2/2        EV: 12    Int: 10    God:
Gold:   22         SH:  0    Dex: 13    Spells: 1/1 levels left

rFire   . . .        a - +0 falchion
rCold   . . .        (no shield)
rNeg    . . .        b - +0 leather armour
rPois   .            (no helmet)
rElec   .            (no cloak)
rCorr   .            (no gloves)
SInv    .            (no boots)
Will    .....        (no amulet)
Stlth   ++           (no ring)
HPRegen 0.24/turn    (no ring)
MPRegen 0.08/turn

%: no passive effects
@: lethally poisoned (-1 -> -21), hasted, very quick
A: amphibious, slowness 1, strong legs 1, +LOS
a: Hop


You were on level 5 of the Dungeon.
You visited 1 branch of the dungeon, and saw 3 of its levels.

You collected 22 gold pieces.

Inventory:

Hand Weapons
 a - a +0 falchion (weapon)
Armour
 b - a +0 leather armour (worn)
Wands
 g - a wand of digging (3)
Scrolls
 c - a scroll of fog
 d - a scroll of revelation
 e - a scroll of fear
 h - a scroll of blinking {unknown}


   Skills:
 - Level 4.0 Fighting
 + Level 2.8 Long Blades
 - Level 2.1 Dodging
 - Level 4.5 Stealth


You had one spell level left.
You didn't know any spells.
Your spell library was empty.

Dungeon Overview and Level Annotations

Branches:
Dungeon (7/15)
 Temple: D:4-7

Altars:

Annotations:
D:5 exclusion: downstairs
D:6 Duvessa


Innate Abilities, Weirdness & Mutations

You are amphibious.
You cover ground slowly.
You can hop short distances.
You have an extended range of vision and can be seen from far away.


Message History

Okay, then.
You feel yourself speed up.
The white imp grins evilly.
The white imp closely misses you.
You hit the white imp.
The white imp is heavily wounded.
The white imp hits you. The white imp freezes you.
You hit the white imp.
You kill the white imp!
Training target 4.0 for Fighting reached!
Your Fighting skill increases to level 4!
You need to enable at least one skill for training.
You have reached level 2!
You closely miss the scorpion. The scorpion barely misses you.
You hit the scorpion but do no damage. The scorpion stings you.
* * * LOW HITPOINT WARNING * * *
You are poisoned.
The scorpion poisons you!
You hit the scorpion.
The scorpion is lightly wounded.
You feel sick. The scorpion stings you.
* * * LOW HITPOINT WARNING * * *
You are lethally poisoned!
The scorpion poisons you!
You hit the scorpion.
The scorpion is moderately wounded.
* * * LOW HITPOINT WARNING * * *
You feel very sick. The scorpion misses you.
You hit the scorpion.
The scorpion is heavily wounded.
* * * LOW HITPOINT WARNING * * *
You feel very sick. The scorpion stings you.
* * * LOW HITPOINT WARNING * * *
You are more poisoned.
The scorpion poisons you!
You barely miss the scorpion.
The scorpion is heavily wounded.
You die...

.^^^..## #+ ......# #.
^....## #. ...^## ##.
...## ##.. ###.# #...
....# #>. ## ###.#####
#s#.#######
#.....########@........
#####..........########
############


You could see a scorpion.

Vanquished Creatures
  A white imp (D:5)
1 creature vanquished.

Notes
Turn   | Place    | Note
-------+----------+-------------------------------------------
     0 | D:5      | GordonOverkill the Barachi Delver began the quest for the
                  | Orb.
     0 | D:5      | Reached XP level 1. HP: 18/18 MP: 1/1
     5 | D:6      | Noticed Duvessa
   243 | D:5      | Noticed a scorpion
   247 | D:5      | Reached XP level 2. HP: 19/25 MP: 2/2
   252 | D:5      | Succumbed to a scorpion's poison

Illustrated notes

Levels and vault maps discovered:
D:5:      layout_loops_corners, zin_purify, grunt_qazlal_sundering,
          nicolae_wormholes, uniq_ijyb, uniq_prince_ribbit1
D:6:      layout_loops_corners, mainiacjoe_overflow_catwalk,
          lemuel_doored_altar, hangedman_decor_slide_cut, nicolae_water_bricks,
          uniq_duvessa
D:7:      layout_basic, ebering_ghost_reflecting_pool

Skill      XL: |  1 |
---------------+----+-----
Fighting       | 4 |  4.0
Long Blades    | |  2.8
Dodging        | |  2.1
Stealth        | |  4.5

Action                     || total
---------------------------++-------
  Melee: Falchion          ||     8
    Use: Potion            ||     1
 Armour: Leather armour    ||     6
  Dodge: Dodged            ||     5

Table legend: (Time is in decaauts)
 A = Elapsed time spent in this place.
 B = Non-inter-level travel time spent in this place.
 C = Inter-level travel time spent in this place.
 D = Time resting spent in this place.
 E = Time spent auto-exploring this place.
 F = Levels seen in this place.
 G = Mean time per level.
                   A        B        C        D        E       F      G
               +--------+--------+--------+--------+--------+-----+--------+
         Total |    285 |    269 |     16 |     57 |      0 |   3 |   95.0 |
       Dungeon |    285 |    269 |     16 |     57 |      0 |   3 |   95.0 |
               +--------+--------+--------+--------+--------+-----+--------+

Top non-repeatable levels by time:
     D:6: 135 daAuts
     D:5: 105 daAuts
     D:7: 45 daAuts
